 Dungeon Crawl Stone Soup version 0.28-a0-578-g717728bcc0 (webtiles) character file.

Game seed: 1299212690116235016

9 MacCMillion the Chiller (level 2, 15/19 HPs)
             Began as a Merfolk Ice Elementalist on Oct 2, 2021.
             Quit the game on level 1 of the Dungeon.
             The game lasted 00:02:13 (1188 turns).

MacCMillion the Chiller (Merfolk Ice Elementalist)  Turns: 1188, Time: 00:02:14

Health: 15/19      AC:  2    Str:  8    XL:     2   Next: 16%
Magic:  4/5        EV: 12    Int: 14    God:
Gold:   53         SH:  0    Dex: 14    Spells: 4/5 levels left

rFire   . . .      SeeInvis .   c - +0 dagger
rCold   . . .      Faith    .   (no shield)
rNeg    . . .      Spirit   .   a - +0 robe
rPois   .          Reflect  .   (no helmet)
rElec   .          Harm     .   (no cloak)
rCorr   .          Rampage  .   (no gloves)
Will    .....                   (no boots)
Stlth   ++........              (no amulet)
HPRegen 0.06/turn               (no ring)
MPRegen 0.09/turn               (no ring)

@: no status effects
A: (nimble swimmer 2), mertail
a: no special abilities


You were on level 1 of the Dungeon.
You visited 1 branch of the dungeon, and saw 1 of its levels.

You collected 53 gold pieces.

Inventory:

Hand Weapons
 c - a +0 dagger (weapon)
Armour
 a - a +0 robe (worn)
 d - a +0 ring mail
Scrolls
 b - 4 scrolls of identify {unknown}
 e - a scroll of blinking {unknown}


   Skills:
 + Level 2.7 Dodging
 + Level 2.5 Stealth
 + Level 2.1 Spellcasting
 + Level 4.6 Ice Magic


You had 4 spell levels left.
You knew the following spells:

 Your Spells              Type           Power      Damage    Failure   Level
a - Freeze                Ice            56%        1d7       3%          1

Your spell library contained the following spells:

 Spells                   Type           Power      Damage    Failure   Level
 Frozen Ramparts          Ice            28%        1d4       11%         3
 Ozocubu's Armour         Ice            14%        N/A       11%         3
 Hailstorm                Conj/Ice       8%         3d4       65%         4


Dungeon Overview and Level Annotations

Branches:
Dungeon (1/15)

Altars:


Innate Abilities, Weirdness & Mutations

((You are quick and stealthy near water. (Stealth+, EV+, Speed+++)))
Your lower body shifts to a powerful aquatic tail in water.


Message History

Found a stone staircase leading down.
There is a stone staircase leading down here.
Found a stone staircase leading down.
b - 3 scrolls labelled LAAGAUXE JOUDO (gained 1)
b - 4 scrolls labelled LAAGAUXE JOUDO (gained 1)
There is a stone staircase leading down here.
There is a stone staircase leading down here.
There is an abandoned shop here.
There is an abandoned shop here.
A giant cockroach comes into view.
No target in view!
No target in view!
You freeze the giant cockroach.
The giant cockroach is severely wounded.
The giant cockroach bites you but does no damage.
You freeze the giant cockroach.
You kill the giant cockroach!
You have reached level 2!
Magic restored.
You see here a giant cockroach corpse.
A rat comes into view.
You freeze the rat!
You kill the rat!
You see here a rat corpse.
You now have 44 gold pieces (gained 14).
An endoplasm comes into view.
Found 9 gold pieces.
The helpless endoplasm fails to defend itself.
You hit the endoplasm.
You kill the endoplasm!
You now have 53 gold pieces (gained 9).
e - a scroll labelled CETHYUW DAPNYF A quokka and a hobgoblin come into view.
The quokka twitches its whiskers.
You freeze the quokka.
The quokka is moderately wounded.
The quokka bites you.
A quokka is nearby!
A quokka is nearby!
Are you sure you want to abandon this character and quit the game? (Confirm with "yes".)

#.# #.# #######.#####
#.# ............# #.#
#.######.###.# #.# #.#
#.# #.# #.# #.# #.# #.#
#.# ... ..###.###.# #.#
#####...##.#
#######?#####..r@......#
.....g........###...####
#.#### ##.## #.# #.# #.#
#.# #.##########.#
#............#
##############


You could see a quokka.

Vanquished Creatures
  An endoplasm (D:1)
  A giant cockroach (D:1)
  A hobgoblin (D:1)
  2 jackals (D:1)
  A bat (D:1)
  A frilled lizard (D:1)
  A kobold (D:1)
  A rat (D:1)
9 creatures vanquished.

Notes
Turn   | Place    | Note
-------+----------+-------------------------------------------
     0 | D:1      | MacCMillion the Merfolk Ice Elementalist began the quest
                  | for the Orb.
     0 | D:1      | Reached XP level 1. HP: 13/13 MP: 3/3
   968 | D:1      | Reached XP level 2. HP: 19/19 MP: 1/5
  1188 | D:1      | Quit the game

Illustrated notes

Levels and vault maps discovered:
D:1:      amcnicky_arrival_abandoned_market, layout_loops_ring

Action                   || total
-------------------------++-------
Melee: Dagger            ||    12
       Unarmed           ||     1
 Cast: Freeze            ||    13
 Stab: Sleeping          ||     2
Armor: Robe              ||     6
Dodge: Dodged            ||    15

Table legend: (Time is in decaauts)
 A = Elapsed time spent in this place.
 B = Non-inter-level travel time spent in this place.
 C = Inter-level travel time spent in this place.
 D = Time resting spent in this place.
 E = Time spent auto-exploring this place.
 F = Levels seen in this place.
 G = Mean time per level.
                   A        B        C        D        E       F      G
               +--------+--------+--------+--------+--------+-----+--------+
         Total |   1187 |   1187 |      0 |    378 |    641 |   1 | 1187.0 |
       Dungeon |   1187 |   1187 |      0 |    378 |    641 |   1 | 1187.0 |
               +--------+--------+--------+--------+--------+-----+--------+

Top non-repeatable levels by time:
     D:1: 1187 daAuts
